 Dungeon Crawl Stone Soup version 0.26.0-10-g1f06aea511 (webtiles) character file.

Game seed: 2534878660851745738

16 inc the Ducker (level 2, 0/14 HPs)
             Began as a Felid Monk on Jan 30, 2021.
             Slain by a leopard gecko (2 damage)
             ... on level 1 of the Dungeon.
             The game lasted 00:00:30 (613 turns).

inc the Ducker (Felid Monk)                          Turns: 613, Time: 00:00:31

Health: 0/14       AC:  1    Str:  7    XL:     2   Next: 37%
Magic:  3/3        EV: 21    Int: 11    God:
Gold:   52         SH:  0    Dex: 18    Spells: 1/1 levels left
                                        Lives:  0   Deaths: 0

rFire    . . .     SeeInvis +     - Unarmed
rCold    . . .     Faith    .   (shield unavailable)
rNeg     . . .     Spirit   .   (armour unavailable)
rPois    .         Reflect  .   (helmet unavailable)
rElec    .         Harm     .   (cloak unavailable)
rCorr    .         Rampage  .   (gloves unavailable)
Will     .....                  (boots unavailable)
Stlth    +++.......             (no amulet)
HPRegen  0.04/turn              (no ring)
MPRegen  0.08/turn              (no ring)

@: quick
A: very small, no armour, no weapons or thrown items, stealth, claws 1, fangs 3,
see invisible, speed 1, shaggy fur 1, sharp paws
a: no special abilities


You were on level 1 of the Dungeon.
You visited 1 branch of the dungeon, and saw 1 of its levels.

You collected 52 gold pieces.

Inventory:

Jewellery
 e - an uncursed ring of resist corrosion {unknown}
Scrolls
 b - a scroll of noise {unknown}
 c - a scroll of blinking {unknown}
 d - a scroll of amnesia {unknown}
 f - a scroll of remove curse {unknown}
Potions
 a - 2 potions of curing {unknown}


   Skills:
 - Level 3.0 Fighting
 + Level 5.1 Dodging
 - Level 2.6 Stealth
 - Level 3.0 Unarmed Combat


You had one spell level left.
You didn't know any spells.
Your spell library was empty.

Dungeon Overview and Level Annotations

Branches:
Dungeon (1/15)

Altars:


Innate Abilities, Weirdness & Mutations

You cannot wear armour.
You are incapable of wielding weapons or throwing items.
Your paws allow you to move quietly. (Stealth)
You have sharp claws.
You have razor-sharp teeth.
You have supernaturally acute eyesight. (SInv)
You cover ground quickly.
You are covered in fur. (AC +1)
Your sharp claws are effective at attacking unaware monsters.


Message History

You are too injured to fight recklessly!
You are too injured to fight recklessly!
You are too injured to fight recklessly!
You are too injured to fight recklessly!
The leopard gecko bites the bush.
You barely miss the kobold.
The kobold is heavily wounded.
The kobold enters a dispersal trap!
The kobold blinks!
The leopard gecko blinks! x2; You blink.
The kobold blinks!
A leopard gecko comes into view.
The kobold throws a stone.
The stone hits you.
* * * LOW HITPOINT WARNING * * *
The leopard gecko bites you.
* * * LOW HITPOINT WARNING * * *
The kobold throws a stone.
The stone completely misses you.
The stone hits the plant.
The plant begins to die.
You barely miss the leopard gecko. The leopard gecko bites you.
* * * LOW HITPOINT WARNING * * *
The leopard gecko bites you.
You die...

.........# #.##.#
.........# P#....P
#.##.# ##########
PP###.## #.##.#
PP...#P♣ #.##.#
♣#...(.P# #.##.#
♣≈..K.K.♣ #.##.#
♣.?.§...♣ #.##.#
##...§...♣ #.##.#
#PP@l..÷#P #.##.# ##
#♣PPl.§PP######.##.#
.#


♣PPP)PP♣ #......... .# ##K#####.######## .# #^§.....# .# ######### .# .# .# You
could see 2 leopard geckos and 3 kobolds.

Vanquished Creatures
  A leopard gecko (D:1)
  A giant cockroach (D:1)
  3 goblins (D:1)
  A hobgoblin (D:1)
  3 kobolds (D:1)
  3 bats (D:1)
  A frilled lizard (D:1)
13 creatures vanquished.

Vanquished Creatures (others)
  4 plants (D:1)
4 creatures vanquished.

Grand Total: 17 creatures vanquished

Notes
Turn   | Place    | Note
-------+----------+-------------------------------------------
     0 | D:1      | inc the Felid Monk began the quest for the Orb.
     0 | D:1      | Reached XP level 1. HP: 10/10 MP: 2/2
   319 | D:1      | Reached XP level 2. HP: 11/14 MP: 3/3
   491 | D:1      | Reached skill level 5 in Dodging
   613 | D:1      | Slain by a leopard gecko

Illustrated notes

Levels and vault maps discovered:
D:1:      heliophobic_arrival_henge, layout_basic, lexackson_kobold_supper

Skill      XL: |  1  2 |
---------------+-------+-----
Dodging        | 5 |  5.1
Fighting       | |  3.0
Stealth        | |  2.6
Unarmed Combat | |  3.0

Action                   || total
-------------------------++-------
Melee: Unarmed           ||    41
       Bite              ||     2
       Punch             ||     1
 Stab: Sleeping          ||     4
Armor: Skin              ||     1
Dodge: Dodged            ||    35
